AoeStats
← Augustus Bombastus von Hohenheim

Pilgrims

510054424Analyzed
3v3 RM · 4d ago on Sep 29, 2026· 26m 4s· 6 players
Game mode
Random Map
Map size
Normal (6 player)
Population
200
Speed
Normal
Resources
Standard
Victory
Conquest
Starting age
Dark Age
Ending age
Imperial Age
RankedLock teamsTeams togetherTeam positionsShared explorationLock speedFull tech treeHidden civsTurbo modeCheats
Victory
Defeat
1696
+6
🇧🇩 Persians · Bangladesh
1680
+6
🇨🇦 Berbers · Canada
1657
+7
🇲🇽 Vietnamese · Mexico
1489
-8
🇲🇽 Armenians · Mexico
1406
-6
🇺🇸 Varangians · United States
1389
-5
Augustus Bombastus von Hohenheim
7:36 Loom
10:11 Feudal Age
15:40 Castle Age
13:57 Fishing Lines
14:40 Double-Bit Axe
16:53 Bow Saw
16:51 Gillnets
19:56 Padded Archer Armor
25:47 Wheelbarrow
26:17 Gold Mining
26:08 Horse Collar
TomRiddle
8:04 Loom
10:26 Feudal Age
14:13 Castle Age
12:26 Double-Bit Axe
15:10 Medium Warships
15:12 Bow Saw
20:30 Clinker Construction
20:31 Siphons
21:23 Masonry
21:26 Fishing Lines
21:53 Horse Collar
22:58 Fletching
24:15 Heavy Plow
ThreeEyedRaven
10:46 Feudal Age
9:02 Loom
10:50 Feudal Age
12:10 Double-Bit Axe
15:35 Castle Age
15:09 Horse Collar
15:53 Scale Barding Armor
16:26 Forging
16:44 Bloodlines
19:45 Bloodlines
21:35 Chain Barding Armor
24:58 Husbandry
26:13 Wheelbarrow
alexisjcw
5:01 Loom
11:35 Feudal Age
13:30 Town Watch
13:42 Double-Bit Axe
16:30 Fletching
21:37 Castle Age
20:17 Stone Mining
21:29 Gold Mining
GEN0S
4:38 Loom
8:46 Feudal Age
9:26 Double-Bit Axe
13:17 Fletching
14:44 Padded Archer Armor
23:23 Castle Age
OM | Romeo D. Sins
3:17 Loom
12:35 Feudal Age
13:57 Fletching
14:01 Double-Bit Axe
14:11 Fishing Lines
17:43 Castle Age
16:08 Horse Collar
17:27 Gold Mining
18:21 Bodkin Arrow
18:39 Medium Warships
18:33 Padded Archer Armor
19:01 Bow Saw
20:16 Leather Archer Armor
23:15 Ballistics
23:16 Clinker Construction
23:44 Careening
Connection lost

Rejoining the realm…

Still unreachable

The connection could not be restored.

Session expired

The server has moved on; the page needs a fresh start.